AoeStats
← [NICE_ASS] BigMasi

MegaRandom

507576056Analyzed
4v4 RM · 14d ago on Sep 18, 2026· 43m 21s· 8 players
Game mode
Random Map
Map size
Large (8 player)
Population
200
Speed
Normal
Resources
Standard
Victory
Conquest
Starting age
Dark Age
Ending age
Imperial Age
RankedLock teamsTeams togetherTeam positionsShared explorationLock speedFull tech treeHidden civsTurbo modeCheats
Victory
Defeat
🇦🇷 Poles · Argentina
1334
+14
🇺🇸 Persians · United States
1296
+16
🇧🇷 Lithuanians · Brazil
1251
+18
🇮🇳 Tatars · India
1206
+19
🇵🇹 Spanish · Portugal
1318
-18
🇨🇭 Vietnamese · Switzerland
1309
-18
🇳🇱 Cumans · Netherlands
1261
-16
🇹🇷 Byzantines · Türkiye
1257
-15
Sherlock_holmes
10:59 Feudal Age
14:42 Town Watch
17:52 Double-Bit Axe
19:03 Horse Collar
22:38 Scale Mail Armor
22:44 Fletching
25:28 Castle Age
24:56 Gold Mining
27:05 Scale Barding Armor
27:11 Forging
26:36 Elite Skirmisher
27:17 Bodkin Arrow
28:57 Chain Barding Armor
28:51 Bow Saw
33:07 Heavy Plow
34:34 Scale Mail Armor
38:49 Iron Casting
40:02 Bloodlines
44:05 Gold Shaft Mining
Massarock
7:51 Loom
10:33 Feudal Age
11:21 Double-Bit Axe
11:17 Horse Collar
12:23 Horse Collar
13:04 Forging
13:59 Scale Barding Armor
19:36 Bloodlines
25:39 Castle Age
26:26 Pikeman
27:31 Squires
27:01 Light Cavalry
28:45 Bow Saw
28:36 Heavy Plow
29:13 Wheelbarrow
30:14 Iron Casting
31:57 Scale Mail Armor
36:01 Chain Mail Armor
35:48 Town Watch
36:32 Gambesons
[NICE_ASS] BigMasi
11:14 Feudal Age
9:31 Loom
12:06 Double-Bit Axe
21:26 Castle Age
19:57 Fletching
20:08 Padded Archer Armor
21:35 Crossbowman
22:49 Bow Saw
24:03 Bodkin Arrow
27:26 Leather Archer Armor
31:28 Wheelbarrow
31:25 Ballistics
32:23 Town Watch
34:12 Thumb Ring
38:22 Imperial Age
35:42 Horse Collar
EarthquakE
6:37 Loom
9:48 Feudal Age
20:43 Arson
22:55 Arson
23:09 Double-Bit Axe
23:44 Forging
24:09 Scale Mail Armor
23:55 Horse Collar
28:00 Castle Age
29:56 Wheelbarrow
28:47 Pikeman
29:27 Squires
30:08 Iron Casting
29:48 Chain Mail Armor
36:07 Hand Cart
38:47 Bow Saw
38:53 Bow Saw
Tattletale Strangler
6:54 Loom
19:46 Feudal Age
24:23 Castle Age
22:30 Horse Collar
23:57 Double-Bit Axe
27:00 Heavy Plow
27:08 Town Watch
29:29 Fletching
30:22 Bodkin Arrow
34:12 Pikeman
37:08 Scale Mail Armor
38:16 Chain Mail Armor
38:10 Squires
39:18 Gold Mining
40:43 Forging
42:28 Iron Casting
42:47 Arson
Feijao
10:01 Feudal Age
8:16 Loom
10:50 Double-Bit Axe
14:30 Forging
16:15 Scale Barding Armor
17:59 Horse Collar
18:46 Gold Mining
23:07 Castle Age
21:50 Bloodlines
23:29 Wheelbarrow
24:15 Husbandry
24:52 Iron Casting
23:56 Light Cavalry
24:37 Husbandry
25:21 Hand Cart
26:25 Town Watch
27:51 Bow Saw
27:33 Stone Mining
29:58 Stone Shaft Mining
35:36 Heavy Plow
43:32 Chain Barding Armor
TekinNico23
9:42 Loom
11:28 Feudal Age
17:39 Castle Age
16:20 Horse Collar
16:25 Double-Bit Axe
19:22 Double-Bit Axe
20:47 Heavy Plow
21:58 Bloodlines
21:49 Husbandry
21:56 Scale Barding Armor
22:01 Forging
23:12 Bow Saw
23:43 Szlachta Privileges
24:34 Chain Barding Armor
28:05 Wheelbarrow
28:54 Gold Mining
30:05 Iron Casting
32:30 Imperial Age
30:25 Town Watch
30:56 Hand Cart
33:59 Cavalier
37:49 Blast Furnace
40:04 Conscription
41:38 Crop Rotation
41:03 Stone Mining
AztecKiller2427
4:40 Loom
10:04 Feudal Age
10:37 Double-Bit Axe
12:57 Scale Barding Armor
20:13 Castle Age
18:22 Horse Collar
18:47 Fletching
20:04 Padded Archer Armor
20:17 Bloodlines
20:57 Husbandry
21:37 Bodkin Arrow
22:54 Gold Mining
24:51 Heavy Plow
26:40 Wheelbarrow
31:03 Hand Cart
36:54 Town Watch
38:06 Bow Saw
41:55 Imperial Age
40:57 Ballistics
42:25 Leather Archer Armor
42:12 Silk Armor
42:41 Bracer
42:27 Heavy Cavalry Archer
44:01 Ring Archer Armor
44:17 Gold Shaft Mining
Connection lost

Rejoining the realm…

Still unreachable

The connection could not be restored.

Session expired

The server has moved on; the page needs a fresh start.